 Dungeon Crawl Stone Soup version 0.24.1-11-gbbbb2193e6 (webtiles) character file.

Game seed: 16627907129493994489, levelgen mode: deterministic

133 Descartes the Shield-Bearer (level 4, 0/33 HPs)
             Began as a Demonspawn Wanderer on May 13, 2020.
             Slain by Grinder (2 damage)
             ... on level 3 of the Dungeon.
             The game lasted 00:05:38 (2174 turns).

Descartes the Shield-Bearer (Demonspawn Wanderer)   Turns: 2174, Time: 00:05:39

Health: 0/33       AC:  8    Str: 15 (16) XL:     4   Next: 93%
Magic:  6/6        EV: 10    Int: 11 (13) God:
Gold:   99         SH:  0    Dex: 10 (13) Spells: 5/5 levels left

rFire    . . .     SeeInvis .   a - +0 quarterstaff
rCold    . . .     Gourm    .   (shield currently unavailable)
rNeg     . . .     Faith    .   p - +0 leather armour (curse)
rPois    .         Spirit   .   w - +2 hat
rElec    .         Reflect  .   (no cloak)
rCorr    .         Harm     .   (no gloves)
MR       .....                  (no boots)
Stlth    +.........             (no amulet)
HPRegen  0.11/turn              o - +3 ring of strength
MPRegen  0.10/turn              (no ring)

@: no status effects
A: claws 1, icy blue scales 2
a: no special abilities


You were on level 3 of the Dungeon.
You were not hungry.

You visited 1 branch of the dungeon, and saw 3 of its levels.

You collected 99 gold pieces.

Inventory:

Hand Weapons
 a - a +0 quarterstaff (weapon)
 y - a +0 falchion
Missiles
 j - 57 sling bullets
 l - 12 arrows
 n - 13 stones (quivered)
 x - 5 boomerangs
Armour
 d - a +0 robe
 e - a +0 buckler
 p - a cursed +0 leather armour (worn)
 w - a +2 hat (worn)
Jewellery
 o - a +3 ring of strength (left claw)
Wands
 b - a wand of enslavement (15)
Scrolls
 h - a scroll of fear {unknown}
 k - a scroll of identify {unknown}
 m - 2 scrolls of remove curse {unknown}
 q - 2 scrolls of teleportation {unknown}
 s - a scroll of fog {unknown}
 v - a scroll of immolation {unknown}
Potions
 g - a potion of heal wounds {unknown}
 r - a potion of mutation {unknown}
 t - a potion of degeneration
 u - 2 potions of flight {unknown}
 z - a potion of agility {unknown}
Comestibles
 f - 5 rations
 i - 6 chunks of flesh


   Skills:
 - Level 2.2 Fighting
 - Level 1.7 Staves
 - Level 1.0 Throwing
 - Level 1.3 Stealth
 * Level 2.9 Shields
 - Level 1.0 Spellcasting
   Level 1.0 Summonings
   Level 1.1 Necromancy
 + Level 2.9 Evocations


You had 5 spell levels left.
You didn't know any spells.
Your spell library was empty.

Dungeon Overview and Level Annotations

Branches:
Dungeon (3/15)

Altars:
Cheibriados
Dithmenos
Elyvilon
Okawaru
Yredelemnul
The Shining One

Annotations:
D:3 Grinder


Innate Abilities, Weirdness & Mutations

You have sharp fingernails.
You are mostly covered in icy blue scales. (AC +3)


Message History

Grinder rolls her eyes.
Grinder gestures at you.
You shrug off the repeated paralysis!
Grinder gestures at you.
You shrug off the repeated paralysis!
You can move again.
It was a potion of degeneration.
There was something very wrong with that liquid.
You feel weakened.
You feel dopey.
You feel clumsy. Grinder hits you!
* * * LOW HITPOINT WARNING * * *
You writhe in agony.
* * * LOW HITPOINT WARNING * * *
You feel better. Grinder hits you but does no damage.
You hit Grinder.
Grinder is lightly wounded.
Grinder hits you!
* * * LOW HITPOINT WARNING * * *
You writhe in agony.
You die...

############
#..........# #####
#..........# ....#
#...>......# ..$.##.
#..........####.......
#.............@5....#
#..........####....##
#.......รท..## ....#
#...........## ###.#
###########..# # ##.#
# #.#####.# #.......#
##........


You could see Grinder.

Vanquished Creatures
  4 adders
  A worm (D:2)
  4 dart slugs
  3 leopard geckos
  A ball python (D:1)
  9 bats
  3 giant cockroaches (D:2)
  9 goblins
  5 hobgoblins
  18 jackals
  2 quokkas
  3 frilled lizards
  7 kobolds
  4 rats
73 creatures vanquished.

Notes
Turn   | Place    | Note
-------+----------+-------------------------------------------
     0 | D:1      | Descartes the Demonspawn Wanderer began the quest for the
                  | Orb.
     0 | D:1      | Descartes set off with the following items: a +0
                  | quarterstaff, a wand of enslavement (15), a potion of
                  | curing, a +0 robe, a ration
     0 | D:1      | Reached XP level 1. HP: 16/16 MP: 2/2
    99 | D:1      | Gained mutation: You are partially covered in icy blue
                  | scales. (AC +2) [demonic ancestry]
    99 | D:1      | Reached XP level 2. HP: 22/22 MP: 3/3
   149 | D:1      | Reached skill level 1 in Shields
   474 | D:1      | Gained mutation: You are mostly covered in icy blue scales.
                  | (AC +3) [demonic ancestry]
   474 | D:1      | Reached XP level 3. HP: 24/27 MP: 4/4
  1139 | D:2      | Found a basalt altar of Yredelemnul.
  1140 | D:2      | Found a white marble altar of Elyvilon.
  1158 | D:2      | Gained mutation: You have sharp fingernails. [demonic
                  | ancestry]
  1158 | D:2      | Reached XP level 4. HP: 19/33 MP: 5/5
  1530 | D:2      | Found a snail-covered altar of Cheibriados.
  1592 | D:2      | Found a shadowy altar of Dithmenos.
  1883 | D:2      | Found a glowing golden altar of the Shining One.
  2057 | D:3      | Found an iron altar of Okawaru.
  2160 | D:3      | Noticed Grinder
  2161 | D:3      | Paralysed by Grinder for 5 turns
  2168 | D:3      | Paralysed by Grinder for 4 turns
  2172 | D:3      | HP: 1/33 [Grinder (5)]
  2174 | D:3      | Slain by Grinder

Levels and vault maps discovered:
D:1:      shiori_arrival_maze, layout_basic
D:2:      layout_rooms, lemuel_crystal_altar,
          gammafunk_temple_overflow_forgotten, nicolae_tso_swordbearing_angel
D:3:      layout_rooms, first_ration, okawaru_ov_weapons_minmay, uniq_grinder

Skill      XL: |  1  2  3 |
---------------+----------+-----
Shields        | 1 2 |  2.9
Evocations     | 2 |  2.9
Fighting       | |  2.2
Staves         | |  1.7
Throwing       | |  1.0
Stealth        | |  1.3
Spellcasting   | |  1.0
Summonings     | |  1.0
Necromancy     | |  1.1

Action                   |  1- 3 |  4- 6 || total
-------------------------+-------+-------++-------
Melee: Quarterstaff      |   117 |   117 ||   234
  Use: Potion            |       |     2 ||     2
 Stab: Sleeping          |     3 |     2 ||     5
  Eat: Chunk             |     1 |     3 ||     4
Armor: Robe              |    24 |       ||    24
       Leather armour    |    34 |    75 ||   109
Dodge: Dodged            |    98 |    81 ||   179
